 Dungeon Crawl Stone Soup version 0.29-a0-517-gbdf32494f2 (webtiles) character file.

Game seed: 12059629331926459936

210 Pooter the Basher (level 5, -19/41 HPs)
             Began as a Gnoll Wanderer on May 30, 2022.
             Was a Follower of the Shining One.
             Demolished by an ogre
             ... wielding a +0 giant spiked club
              (22 damage)
             ... on level 4 of the Dungeon.
             The game lasted 00:16:38 (3072 turns).

Pooter the Basher (Gnoll Wanderer)                  Turns: 3072, Time: 00:16:39

Health: -19/41     AC:  9    Str: 26    XL:     5   Next: 88%
Magic:  4/7        EV:  8    Int: 10    God:    the Shining One [*.....]
Gold:   244        SH:  6    Dex:  4    Spells: 6/7 levels left

rFire   . . .      SeeInvis .   a - +1 war axe of the Dancing Gods {freeze, Str+2}
rCold   + . .      Faith    .   (no shield)
rNeg    . . .      Spirit   .   e - +0 chain mail
rPois   .          Reflect  .   (no helmet)
rElec   .          Harm     .   (no cloak)
rCorr   .          Rampage  .   (no gloves)
Will    +....                   (no boots)
Stlth   ..........              (no amulet)
HPRegen 0.13/turn               n - +6 ring of strength
MPRegen 0.10/turn               I - ring "Zuad Nosch" {rC+ Will+ Dex-4 Slay+5}

@: divinely shielded, glowing
A: fangs 1, strong nose, distributed training
a: Renounce Religion, Divine Shield


You were on level 4 of the Dungeon.
You worshipped the Shining One.
The Shining One was aware of your devotion.
You visited 1 branch of the dungeon, and saw 4 of its levels.

You collected 244 gold pieces.

Inventory:

Hand Weapons
 a - the +1 war axe of the Dancing Gods (weapon) {freeze, Str+2}
   (You found it on level 3 of the Dungeon)

   It freezes those it strikes, dealing additional cold damage.
   It can also slow down cold-blooded creatures.
   Str:       It affects your strength (+2).
 b - a +0 short sword
 i - a +2 mace
Missiles
 q - 6 poisoned darts (quivered)
 Q - 56 stones
Armour
 e - a +0 chain mail (worn)
   (You found it on level 1 of the Dungeon)
Jewellery
 m - a ring of fire
   (You found it on level 2 of the Dungeon)
 n - a +6 ring of strength (left hand)
   (You found it on level 3 of the Dungeon)
 I - the ring "Zuad Nosch" (right hand) {rC+ Will+ Dex-4 Slay+5}
   (You found it on level 2 of the Dungeon)

   [ring of protection from cold]

   Dex:       It affects your dexterity (-4).
   Slay:      It affects your accuracy & damage with ranged weapons and melee
   (+5).
   rC:        It protects you from cold.
   Will:      It increases your willpower.
 P - a ring of poison resistance
   (You found it on level 2 of the Dungeon)
Scrolls
 f - a scroll of immolation {!r}
 l - 2 scrolls of fog
 p - a scroll of magic mapping {unknown}
 r - a scroll of noise {unknown}
 t - a scroll of teleportation {@r4}
Potions
 c - 4 potions of heal wounds {@q2}
 d - a potion of lignification {!q}
 g - a potion of berserk rage {unknown}
 h - 3 potions of might
 j - a potion of curing {unknown}
 k - a potion of flight {unknown}
 o - a potion of brilliance {unknown}


   Skills:
 + Level 3.1 Fighting
 + Level 3.1 Short Blades
 + Level 1.6 Long Blades
 + Level 1.6 Axes
 + Level 8.7 Maces & Flails
 + Level 1.6 Polearms
 + Level 1.6 Staves
 + Level 1.6 Slings
 + Level 1.6 Bows
 + Level 1.6 Crossbows
 + Level 3.1 Throwing
 + Level 3.1 Armour
 + Level 1.6 Dodging
 + Level 2.9 Stealth
 + Level 1.6 Shields
 + Level 1.6 Unarmed Combat
 + Level 1.6 Spellcasting
 + Level 1.3 Conjurations
 + Level 1.3 Hexes
 + Level 1.3 Summonings
 + Level 1.3 Necromancy
 + Level 1.3 Translocations
 + Level 1.3 Transmutations
 + Level 1.3 Fire Magic
 + Level 1.3 Ice Magic
 + Level 1.3 Air Magic
 + Level 1.3 Earth Magic
 + Level 1.3 Poison Magic
 + Level 1.9 Invocations
 + Level 3.1 Evocations


You had 6 spell levels left.
You knew the following spells:

 Your Spells              Type           Power      Damage    Failure   Level
c - Apportation           Tloc           6%         N/A       75%         1

Your spell library contained the following spells:

 Spells                   Type           Power      Damage    Failure   Level
 Beastly Appendage        Tmut           6%         N/A       75%         1
 Necrotize                Necr           12%        1d4       75%         1
 Summon Small Mammal      Summ           12%        N/A       75%         1
 Static Discharge         Conj/Air       3%         N/A       87%         2
 Wereblood                Tmut           3%         N/A       87%         2
 Ignite Poison            Fire/Tmut/Pois 3%         N/A       98%         3
 Mephitic Cloud           Conj/Pois/Air  3%         N/A       98%         3
 Spider Form              Tmut/Pois      3%         N/A       98%         3
 Freezing Cloud           Conj/Ice/Air   1%         6-21      100%        5
 Lightning Bolt           Conj/Air       1%         1d12      100%        5
 Maxwell's Capacitive Co  Air            1%         ∞         100%        8


Dungeon Overview and Level Annotations

Branches:
Dungeon (4/15)
 Temple: D:4-7

Altars:
The Shining One


Innate Abilities, Weirdness & Mutations

You have very sharp teeth.
Your uncanny sense of smell can sniff out nearby items.
Your experience applies equally to all skills.


Message History

You throw a stone. The stone hits the jackal.
You kill the jackal!
You throw a stone. The stone closely misses the jackal.
You slash the jackal! You freeze the jackal.
You kill the jackal!
You see here a jackal corpse.
Found 6 poisoned darts.
Q - 52 stones (gained 1)
You see here a jackal corpse.
Q - 53 stones (gained 1)
You see here a jackal corpse.
Found 6 poisoned darts.
Q - 54 stones (gained 1)
Found an escape hatch in the floor.
Q - 56 stones (gained 2)
Found 5 gold pieces and a scroll labelled VAORUI OSURRUGEOS.
q - 6 poisoned darts You see here a +0 robe.
r - a scroll labelled VAORUI OSURRUGEOS You now have 244 gold pieces (gained 5).
q - 12 poisoned darts (gained 6)
An ogre comes into view. It is wielding a +0 giant spiked club.
The ogre shouts!
You throw a poisoned dart.
The poisoned dart barely misses the ogre.
You throw a poisoned dart.
The poisoned dart barely misses the ogre.
You throw a poisoned dart.
The poisoned dart closely misses the ogre.
You throw a poisoned dart. The poisoned dart hits the ogre.
The ogre is poisoned.
You throw a poisoned dart.
The poisoned dart closely misses the ogre.
You throw a poisoned dart.
The poisoned dart barely misses the ogre.
A divine shield forms around you!
The ogre hits you with a +0 giant spiked club!!
You are too injured to fight recklessly!
You are too injured to fight recklessly!
You are too injured to fight recklessly!
You hit the ogre. You freeze the ogre.
The ogre hits you with a +0 giant spiked club!
* * * LOW HITPOINT WARNING * * *
You barely miss the ogre.
The ogre looks more healthy.
The ogre hits you with a +0 giant spiked club!
* * * LOW HITPOINT WARNING * * *
You slash the ogre! You freeze the ogre.
The ogre hits you with a +0 giant spiked club!!
Ouch! That really hurt!
You die...

#...#. ((. ##.###. ...
##...#.. #... ##.......
#... #........ #.(#
##........ #..#
##........#
#..O#######......#...
#...@..............##
#................>..##
#..#................##
#..............[......#
..#.....................
# ##....................
###..................
#..................
##......###........


You could see an ogre.

Vanquished Creatures
  A phantom (D:4)
  An orc wizard (D:3)
  An adder (D:3)
  4 worms
  2 dart slugs
  6 orcs (D:3)
  5 endoplasms
  2 giant cockroaches
  5 goblins
  9 hobgoblins
  10 jackals
  2 kobolds (D:1)
  A quokka (D:2)
  8 ball pythons
  5 bats
  6 frilled lizards
  4 rats
72 creatures vanquished.

Notes
Turn   | Place    | Note
-------+----------+-------------------------------------------
     0 | D:1      | Pooter the Gnoll Wanderer began the quest for the Orb.
     0 | D:1      | Pooter set off with the following items: a +2 mace, a +0
                  | short sword, a +0 scale mail, a potion of lignification
                  | {!q}
     0 | D:1      | Reached XP level 1. HP: 17/17 MP: 1/1
    87 | D:1      | Reached XP level 2. HP: 19/23 MP: 2/2
   597 | D:1      | Reached XP level 3. HP: 26/28 MP: 3/3
  1087 | D:2      | Reached skill level 1 in Invocations
  1298 | D:2      | Identified the ring "Zuad Nosch" {rC+ Will+ Dex-4 Slay+5}
  1373 | D:2      | Reached skill level 1 in Long Blades
  1373 | D:2      | Reached skill level 1 in Axes
  1373 | D:2      | Reached skill level 1 in Polearms
  1373 | D:2      | Reached skill level 1 in Staves
  1373 | D:2      | Reached skill level 1 in Slings
  1373 | D:2      | Reached skill level 1 in Bows
  1373 | D:2      | Reached skill level 1 in Crossbows
  1373 | D:2      | Reached skill level 1 in Dodging
  1373 | D:2      | Reached skill level 1 in Shields
  1373 | D:2      | Reached skill level 1 in Unarmed Combat
  1373 | D:2      | Reached skill level 1 in Spellcasting
  1687 | D:3      | Reached XP level 4. HP: 29/34 MP: 5/5
  1987 | D:3      | Found a faded altar of an unknown god.
  1989 | D:3      | Prayed at the altar of an unknown god.
  1989 | D:3      | Became a worshipper of the Shining One
  1989 | D:3      | Reached * piety under the Shining One
  2088 | D:3      | Identified the +1 war axe of the Dancing Gods {freeze,
                  | Str+2}
  2121 | D:3      | Reached skill level 1 in Conjurations
  2121 | D:3      | Reached skill level 1 in Hexes
  2121 | D:3      | Reached skill level 1 in Summonings
  2121 | D:3      | Reached skill level 1 in Necromancy
  2121 | D:3      | Reached skill level 1 in Translocations
  2121 | D:3      | Reached skill level 1 in Transmutations
  2121 | D:3      | Reached skill level 1 in Fire Magic
  2121 | D:3      | Reached skill level 1 in Ice Magic
  2121 | D:3      | Reached skill level 1 in Air Magic
  2121 | D:3      | Reached skill level 1 in Earth Magic
  2121 | D:3      | Reached skill level 1 in Poison Magic
  2163 | D:3      | Reached XP level 5. HP: 9/40 MP: 6/6
  2549 | D:3      | Upgraded the game from 0.29-a0-512-gf59ac788ac to
                  | 0.29-a0-517-gbdf32494f2
  2837 | D:4      | Noticed a phantom
  2845 | D:4      | Killed a phantom
  2891 | D:4      | Learned a level 1 spell: Apportation
  3062 | D:4      | Noticed an ogre
  3072 | D:4      | Demolished by an ogre

Illustrated notes

Levels and vault maps discovered:
D:1:      dpeg_arrival_ternary, layout_loops_ring
D:2:      layout_basic, minmay_pentomino_p4
D:3:      layout_loops_ring, chequers_ecumenical_altar_twisty, wad_orctagon
D:4:      layout_layer_cave, grunt_ministairs_3

Skill      XL: |  1  2  3  4  5 |
---------------+----------------+-----
Invocations    | 1 |  1.9
Long Blades    | 1 |  1.6
Axes           | 1 |  1.6
Polearms       | 1 |  1.6
Staves         | 1 |  1.6
Slings         | 1 |  1.6
Bows           | 1 |  1.6
Crossbows      | 1 |  1.6
Dodging        | 1 |  1.6
Shields        | 1 |  1.6
Unarmed Combat | 1 |  1.6
Spellcasting   | 1 |  1.6
Conjurations   | 1 |  1.3
Hexes          | 1 |  1.3
Summonings     | 1 |  1.3
Necromancy     | 1 |  1.3
Translocations | 1 |  1.3
Transmutations | 1 |  1.3
Fire Magic     | 1 |  1.3
Ice Magic      | 1 |  1.3
Air Magic      | 1 |  1.3
Earth Magic    | 1 |  1.3
Poison Magic   | 1 |  1.3
Fighting       | 3 |  3.1
Short Blades   | 3 |  3.1
Throwing       | 3 |  3.1
Armour         | 3 |  3.1
Evocations     | 3 |  3.1
Maces & Flails | |  8.7
Stealth        | |  2.9

Action                   |  1- 3 |  4- 6 || total
-------------------------+-------+-------++-------
Melee: Mace              |   117 |    42 ||   159
       Bite              |     3 |     2 ||     5
       Punch             |       |     1 ||     1
       War axe           |       |    13 ||    13
Throw: Stone             |    28 |    15 ||    43
       Dart              |       |     6 ||     6
Invok: Divine Shield     |       |     3 ||     3
  Use: Scroll            |     3 |     2 ||     5
Armor: Chain mail        |    76 |    24 ||   100
       Scale mail        |     3 |       ||     3
Dodge: Dodged            |    40 |    21 ||    61
Block: Other             |       |     5 ||     5

Table legend: (Time is in decaauts)
 A = Elapsed time spent in this place.
 B = Non-inter-level travel time spent in this place.
 C = Inter-level travel time spent in this place.
 D = Time resting spent in this place.
 E = Time spent auto-exploring this place.
 F = Levels seen in this place.
 G = Mean time per level.
                   A        B        C        D        E       F      G
               +--------+--------+--------+--------+--------+-----+--------+
         Total |   3068 |   3007 |     61 |    230 |   2222 |   4 |  767.0 |
       Dungeon |   3068 |   3007 |     61 |    230 |   2222 |   4 |  767.0 |
               +--------+--------+--------+--------+--------+-----+--------+

Top non-repeatable levels by time:
     D:3: 1107 daAuts
     D:1: 1070 daAuts
     D:2: 604 daAuts
     D:4: 286 daAuts
